 Dungeon Crawl Stone Soup version 0.17-a0-1753-g75d4604 (webtiles) character file.

47 kae the Caller (level 3, 0/24 HPs)
             Began as a Merfolk Summoner on Sept 2, 2015.
             Slain by an adder (2 damage)
             ... on level 2 of the Dungeon.
             The game lasted 00:02:33 (1304 turns).

kae the Caller (Merfolk Summoner)                   Turns: 1304, Time: 00:02:33

Health: 0/24       AC:  4    Str: 13    XL:     3   Next: 70%
Magic:  5/6        EV: 18    Int: 15    God:
Gold:   59         SH:  0    Dex: 19    Spells: 1 memorised, 5 levels left

rFire  . . .     SeeInvis .     i - +0 spear (curse)
rCold  . . .     Clarity  .     a - +0 robe
rNeg   . . .     SustAt   .     (no shield)
rPois  .         Gourm    .     k - +1 helmet
rElec  .         Spirit   .     (no cloak)
rCorr  .         Warding  .     (no gloves)
rMut   .         Stasis   .     (no boots)
MR     .....                    (no amulet)
Stlth  +++.......               (no ring)
                                (no ring)

@: mighty, agile, lethally poisoned (0 -> -8), not resistant to hostile
enchantments, fairly stealthy
A: change form in water, swift swim
a: no special abilities


You were on level 2 of the Dungeon.
You were not hungry.

You visited 1 branch of the dungeon, and saw 2 of its levels.

You collected 59 gold pieces.

Inventory:

Hand weapons
 i - a cursed +0 spear (weapon)
Armour
 a - a +0 robe (worn)
 k - a +1 helmet (worn)
Scrolls
 e - a scroll of noise {unknown}
 j - a scroll of identify {unknown}
Potions
 h - a potion of brilliance {unknown}
 l - a potion of cure mutation {unknown}
Books
 b - a book of Callings

   Spells                             Type                      Level
   a - Summon Small Mammal            Summoning                    1
   b - Call Imp                       Summoning                    2
   c - Call Canine Familiar           Summoning                    3
   d - Summon Guardian Golem          Hexes/Summoning              3
   e - Summon Lightning Spire         Summoning/Air                4
   f - Summon Ice Beast               Ice/Summoning                4
Comestibles
 c - a bread ration
 f - a meat ration


   Skills:
 - Level 2.6 Dodging
 - Level 2.1 Stealth
 - Level 2.0 Spellcasting
 + Level 5.3 Summonings


You had 5 spell levels left.
You knew the following spells:

 Your Spells              Type           Power        Failure   Level  Hunger
a - Summon Small Mammal   Summ           ###.         2%          1    #......


Dungeon Overview and Level Annotations

Branches:
Dungeon (2/15)

Altars:
Okawaru


Message History

The adder bites you.
* * * LOW HITPOINT WARNING * * *
You are poisoned.
The adder poisons you! The jackal bites you.
* * * LOW HITPOINT WARNING * * *
Drink which item? (? for menu, Esc to quit)
It was a potion of agility.
You feel agile all of a sudden.
* * * LOW HITPOINT WARNING * * *
You feel sick. The adder bites you.
* * * LOW HITPOINT WARNING * * *
You are more poisoned.
The adder poisons you! The jackal barely misses you.
Your bat closely misses the jackal.
Drink which item? (? for menu, Esc to quit)
It was a potion of might.
You feel very mighty all of a sudden.
Your bat hits the jackal but does no damage.
The jackal barely misses you. The adder bites you.
You die...

#.# ..# #.# # #.# .#
##.##.# ## .....#...
####)....#
#########b##)#...#
#....S@h...()....#
#.#######.#.##..#...
#.#.# ..# #.#.# .#
##.#######.#.##..#
#.......##.......#
#.. #...#.#.###..
##...###...†#.#####.#
#....................
#


You could see an adder, a jackal and a friendly bat.

Vanquished Creatures
  Robin (D:2)
  A giant cockroach (D:1)
  11 goblins
  3 hobgoblins
  7 bats
  A giant newt (D:2)
  3 jackals (D:2)
  4 kobolds (D:1)
  3 rats
34 creatures vanquished.

Vanquished Creatures (collateral kills)
  3 giant cockroaches
  2 goblins (D:2)
  A hobgoblin (D:1)
  A kobold (D:1)
7 creatures vanquished.

Grand Total: 41 creatures vanquished

Notes
Turn   | Place    | Note
--------------------------------------------------------------
     0 | D:1      | kae the Merfolk Summoner began the quest for the Orb.
     0 | D:1      | Reached XP level 1. HP: 13/13 MP: 3/3
   239 | D:1      | Reached XP level 2. HP: 4/19 MP: 3/5
  1182 | D:2      | Found an iron altar of Okawaru.
  1219 | D:2      | Reached XP level 3. HP: 16/24 MP: 4/6
  1224 | D:2      | Noticed Robin
  1228 | D:2      | Reached skill level 5 in Summonings
  1234 | D:2      | Killed Robin
  1304 | D:2      | Slain by an adder

Vault maps used:
D:1:      arrival_zaba_pyramid
D:2:      okawaru_ov_weapons_minmay, uniq_robin

Action                   || total
-------------------------++-------
Melee: Spear             ||   133
 Cast: Summon Small Mamm ||    21
  Use: Potion            ||     2
 Stab: Sleeping          ||     5
  Eat: Chunk             ||     2
